 Dungeon Crawl Stone Soup version 0.31-a0-1178-gc5c9b8f871 (webtiles) character file.

Game seed: 2631853305596231651

443 grandjackal the Ducker (level 6, -3/73 HPs)
             Began as a Demonspawn Gladiator on Dec 11, 2023.
             Slain by a lemure (5 damage)
             ... led by Pikel
             ... on level 4 of the Dungeon.
             The game lasted 00:03:26 (3131 turns).

grandjackal the Ducker (Demonspawn Gladiator)       Turns: 3131, Time: 00:03:27

Health: -3/73      AC: 23    Str: 14    XL:     6   Next: 71%
Magic:  15/15      EV:  2    Int: 12    God:
Gold:   129        SH:  0    Dex: 17    Spells: 5/5 levels left

rFire   . . .        a - +0 war axe
rCold   . . .        (no shield)
rNeg    . . .        q - melded +0 scale mail
rPois   +            c - melded +0 helmet
rElec   .            (cloak currently unavailable)
rCorr   .            (gloves currently unavailable)
SInv    .            (boots unavailable)
Will    .....        (no amulet)
Stlth   ++           h - ring of magical power
HPRegen 0.32/turn    (no ring)
MPRegen 0.14/turn

%: no passive effects
@: tree-form
A: stationary, stasis, torment immunity, boosted hp, (hooves 3), agile 1, clever
1, (poison resistance)
a: no special abilities


You were on level 4 of the Dungeon.
You were a tree.
You visited 1 branch of the dungeon, and saw 4 of its levels.

You collected 129 gold pieces.

Inventory:

Hand Weapons
 a - a +0 war axe (weapon)
 r - a +0 flail
Missiles
 d - 3 throwing nets (quivered)
 e - a javelin
 i - 7 boomerangs
 o - 6 poisoned darts
Armour
 c - a +0 helmet (melded)
 q - a +0 scale mail (melded)
Jewellery
 h - a ring of magical power (left branch)
Scrolls
 b - a scroll of teleportation {unknown}
 f - 2 scrolls of noise {unknown}
 j - 2 scrolls of revelation {unknown}
 l - 4 scrolls of identify {unknown}
Potions
 g - 2 potions of lignification
 k - a potion of mutation
 n - a potion of brilliance {unknown}
 p - a potion of enlightenment {unknown}


   Skills:
 + Level 4.4 Fighting
 + Level 4.5 Axes
 - Level 2.0 Throwing
 + Level 4.5 Dodging


You had 5 spell levels left.
You didn't know any spells.
Your spell library contained the following spells:

 Spells                   Type           Power      Damage    Failure   Level
 Freeze                   Ice            0%         1d3       32%         1
 Frozen Ramparts          Ice            0%         1d1       69%         3
 Hailstorm                Conj/Ice       0%         3d5       69%         3


Dungeon Overview and Level Annotations

Branches:
Dungeon (4/15)
 Temple: D:4-7

Altars:
Xom
Yredelemnul

Shops:
D:1 !****   D:4 *!((

Annotations:
D:4 Pikel


Innate Abilities, Weirdness & Mutations

You are a tree.
Your roots penetrate the ground, keeping you stationary.
You cannot be teleported.
You are immune to unholy pain and torment.
Your maximum health is greatly increased.
Your equipment is partially melded.
((You have hooves in place of feet.))
You are agile. (Dex +4, Str/Int -1)
Your mind is acute. (Int +4, Str/Dex -1)
((Your system is resistant to poisons. (rPois)))


Message History

You barely miss the lemure. Pikel hits you but does no damage.
The lemure completely misses you. The lemure hits you.
The lemure hits you but does no damage. The lemure hits you.
* * * LOW HITPOINT WARNING * * *
It was a potion of curing.
You feel better. Pikel hits you but does no damage.
The lemure hits you but does no damage. x4
You closely miss Pikel.
Pikel is moderately wounded.
You closely miss the lemure. x2; You hit the lemure.
You closely miss the lemure. The lemure hits you.
Pikel hits you but does no damage.
The lemure hits you but does no damage. x4
Pikel completely misses you. The lemure hits you but does no damage.
The lemure hits you. The lemure hits you but does no damage.
You slash Pikel!
Pikel is heavily wounded.
You closely miss the lemure. You hit the lemure.
You completely miss the lemure. You hit the lemure.
The lemure hits you but does no damage.
Pikel hits you with a +2 whip of electrocution.
You are electrocuted!
* * * LOW HITPOINT WARNING * * *
The lemure hits you but does no damage. x2; The lemure hits you.
* * * LOW HITPOINT WARNING * * *
You closely miss Pikel. You punch Pikel, but do no damage.
Pikel is heavily wounded.
You hit the lemure. You slash the lemure! You hit the lemure.
You slash the lemure!
You kill the lemure!
That felt strangely unrewarding.
Pikel hits you but does no damage. The lemure hits you.
* * * LOW HITPOINT WARNING * * *
The lemure hits you but does no damage. x2
Unknown command.
You barely miss Pikel.
Pikel is heavily wounded.
You barely miss the lemure. You hit the lemure but do no damage.
You hit the lemure. Pikel hits you but does no damage.
You are electrocuted!
* * * LOW HITPOINT WARNING * * *
The lemure hits you but does no damage. x2; The lemure hits you.
You die...

...# ...# ...#
!..# ##### ...#
#..#.####...#
........5K..#
#.....♣5..#
#......5.<#
#.........#
##...##...#
##'#######
#...'....#
#...#....#
#...#....######
#...#...).....#


You could see Pikel and 3 lemures.

Vanquished Creatures
  An ogre (D:4)
  A lemure (D:4)
  2 scorpions (D:3)
  A howler monkey (D:4)
  A gnoll bouda (D:4)
  An orc wizard (D:4)
  3 adders (D:3)
  4 gnolls
  2 worms
  A dart slug (D:1)
  5 orcs (D:4)
  2 endoplasms (D:1)
  6 giant cockroaches
  9 hobgoblins
  3 quokkas
  2 ball pythons
  6 bats
  7 frilled lizards
  9 goblins
  9 kobolds
  3 rats
78 creatures vanquished.

Notes
Turn   | Place    | Note
-------+----------+-------------------------------------------
     0 | D:1      | grandjackal the Demonspawn Gladiator began the quest for
                  | the Orb.
     0 | D:1      | Reached XP level 1. HP: 16/16 MP: 1/1
   331 | D:1      | Gained mutation: You have large cloven feet. [demonic
                  | ancestry]
   331 | D:1      | Reached XP level 2. HP: 22/22 MP: 2/2
   580 | D:1      | Found Zebul's General Store.
   628 | D:1      | Found Liggeeqa's Assorted Antiques.
   677 | D:1      | Found Ikeronao's Distillery.
   688 | D:1      | Reached XP level 3. HP: 28/28 MP: 3/3
   708 | D:1      | Found Vuiturihu's Assorted Antiques.
   899 | D:1      | Found Letiuph's General Store.
  1246 | D:2      | Found a basalt altar of Yredelemnul.
  1727 | D:3      | Gained mutation: You have hoof-like feet. [demonic
                  | ancestry]
  1727 | D:3      | Reached XP level 4. HP: 27/35 MP: 4/4
  1778 | D:3      | Noticed a scorpion
  1783 | D:3      | Killed a scorpion
  1905 | D:3      | Noticed a scorpion
  1910 | D:3      | Reached XP level 5. HP: 41/41 MP: 5/5
  2189 | D:4      | Found Akkomoc's Assorted Antiques.
  2191 | D:4      | Found Acruren's Weapon Boutique.
  2317 | D:3      | Gained mutation: You have hooves in place of feet. [demonic
                  | ancestry]
  2317 | D:3      | Reached XP level 6. HP: 30/48 MP: 6/6
  2862 | D:4      | Found a shimmering altar of Xom.
  2917 | D:4      | Found a shimmering altar of Xom.
  2917 | D:4      | Found a shimmering altar of Xom.
  2919 | D:4      | Found a shimmering altar of Xom.
  2926 | D:4      | Found Saviesu's Weapon Boutique.
  3030 | D:4      | Found Ahizag's Distillery.
  3116 | D:4      | Noticed Pikel
  3119 | D:4      | Gained mutation: Your mind is acute. (Int +4, Str/Dex -1)
                  | [potion of mutation]
  3119 | D:4      | Gained mutation: Your system is resistant to poisons.
                  | (rPois) [potion of mutation]
  3119 | D:4      | Gained mutation: You are agile. (Dex +4, Str/Int -1)
                  | [potion of mutation]
  3131 | D:4      | HP: 2/73 [Pikel/+2 whip of electrocution (9)]
  3131 | D:4      | Slain by a lemure

Illustrated notes

Levels and vault maps discovered:
D:1:      lemuel_arrival_lava_pool, layout_basic, serial_shops,
          nicolae_shop_real_fake_doors, nicolae_square_shop,
          nicolae_shop_tiny_real_fake_doors, nicolae_shop_behind_doors,
          nicolae_shop_hallway_plus
D:2:      layout_rooms, basic_altar
D:3:      layout_loops_ring, zin_academy, chequers_avenue, kennysheep_crisscross
D:4:      layout_gridville, nicolae_xom_altar_mimics,
          corexii_item_surrounded_by_moat, hangedman_decor_riveting,
          minmay_shop_grid_forest, uniq_ijyb, uniq_eustachio, uniq_pikel

Skill      XL: |  1  2  3  4  5 |
---------------+----------------+-----
Throwing       | 2 |  2.0
Axes           | 3 4 |  4.5
Dodging        | 3 4 |  4.5
Fighting       | 3 4 |  4.4

Action                     |  1- 3 |  4- 6 || total
---------------------------+-------+-------++-------
  Melee: War axe           |   130 |   106 ||   236
         Kick              |    19 |    24 ||    43
         Punch             |     2 |     4 ||     6
    Use: Potion            |       |     3 ||     3
 Armour: Leather armour    |    80 |       ||    80
         Scale mail        |     4 |    80 ||    84
         Skin              |       |    50 ||    50
  Dodge: Dodged            |    96 |    65 ||   161

Table legend: (Time is in decaauts)
 A = Elapsed time spent in this place.
 B = Non-inter-level travel time spent in this place.
 C = Inter-level travel time spent in this place.
 D = Time resting spent in this place.
 E = Time spent auto-exploring this place.
 F = Levels seen in this place.
 G = Mean time per level.
                   A        B        C        D        E       F      G
               +--------+--------+--------+--------+--------+-----+--------+
         Total |   3208 |   3095 |    113 |    685 |   1808 |   4 |  802.0 |
       Dungeon |   3208 |   3095 |    113 |    685 |   1808 |   4 |  802.0 |
               +--------+--------+--------+--------+--------+-----+--------+

Top non-repeatable levels by time:
     D:1: 1114 daAuts
     D:3: 1011 daAuts
     D:4: 638 daAuts
     D:2: 444 daAuts
